 Dungeon Crawl Stone Soup version 0.28.0-43-g3370ac3207 (webtiles) character file.

Game seed: 18163457003414997711

15 Descartes the Sneak (level 2, -1/12 HPs)
             Began as a Felid Wanderer on Mar 25, 2022.
             Slain by a jackal (3 damage)
             ... on level 2 of the Dungeon.
             The game lasted 00:01:36 (959 turns).

Descartes the Sneak (Felid Wanderer)                 Turns: 959, Time: 00:01:37

Health: -1/12      AC:  1    Str: 10    XL:     2   Next: 34%
Magic:  6/6        EV: 16    Int: 11    God:
Gold:   27         SH:  0    Dex: 15    Spells: 5/5 levels left
                                        Lives:  0   Deaths: 0

rFire   . . .      SeeInvis +     - Unarmed
rCold   . . .      Faith    .   (shield unavailable)
rNeg    . . .      Spirit   .   (armour unavailable)
rPois   .          Reflect  .   (helmet unavailable)
rElec   .          Harm     .   (cloak unavailable)
rCorr   .          Rampage  .   (gloves unavailable)
Will    .....                   (boots unavailable)
Stlth   ++........              (no amulet)
HPRegen 0.04/turn               (no ring)
MPRegen 0.10/turn               (no ring)

@: quick
A: very small, claws 1, fangs 3, see invisible, speed 1, shaggy fur 1, stealthy
paws, no weapons or thrown items, no armour, multi-lived
a: no special abilities


You were on level 2 of the Dungeon.
You visited 1 branch of the dungeon, and saw 2 of its levels.

You collected 27 gold pieces.

Inventory:

Missiles
 e - 24 stones
Scrolls
 b - 2 scrolls of fear
 f - a scroll of immolation
 g - a scroll of teleportation {unknown}
 h - 2 scrolls of identify {unknown}
Potions
 a - a potion of might
 c - a potion of attraction
 d - a potion of berserk rage {unknown}


   Skills:
 - Level 1.0 Fighting
 * Level 1.3 Dodging
 * Level 3.3 Stealth
 * Level 3.2 Unarmed Combat
 - Level 2.0 Spellcasting
 + Level 0.1 Translocations
 + Level 0.0 Transmutations
 - Level 1.0 Invocations
 - Level 1.1 Evocations


You had 5 spell levels left.
You didn't know any spells.
Your spell library contained the following spells:

 Spells                   Type           Power      Damage    Failure   Level
 Ensorcelled Hibernation  Hex/Ice        2%         N/A       41%         2
 Spider Form              Tmut/Pois      1%         N/A       65%         3
 Anguish                  Hex/Necr       0%         N/A       96%         4
 Summon Forest            Summ/Tloc      0%         N/A       100%        5
 Eringya's Noxious Bog    Tmut/Pois      0%         N/A       100%        6
 Summon Hydra             Summ           0%         N/A       100%        7


Dungeon Overview and Level Annotations

Branches:
Dungeon (2/15)

Altars:


Innate Abilities, Weirdness & Mutations

You have sharp claws.
You have razor-sharp teeth.
You have supernaturally acute eyesight. (SInv)
You cover ground quickly. (Speed+)
You are covered in fur. (AC +1)
Your paws help you pounce on unaware monsters.
You are incapable of wielding weapons or throwing items.
You cannot wear armour.
You gain extra lives every three experience levels.


Message History

The quokka is almost dead.
The quokka closely misses you. The jackal barely misses you.
The jackal closely misses you.
You completely miss the quokka.
The quokka is almost dead.
The jackal completely misses you. The quokka barely misses you.
The jackal bites you.
The jackal stops to sniff the ground.
You claw the quokka!
You kill the quokka!
The jackal bites you. The jackal completely misses you.
The jackal barely misses you.
You are too injured to fight recklessly!
You are too injured to fight recklessly!
You are too injured to fight recklessly!
You are too injured to fight recklessly!
You are too injured to fight recklessly!
You are too injured to fight recklessly!
You are too injured to fight recklessly!
You closely miss the jackal. The jackal closely misses you.
The jackal barely misses you.
You closely miss the jackal. The jackal barely misses you.
You scratch the jackal but do no damage.
The jackal barely misses you.
You scratch the jackal. Your bite misses the jackal.
The jackal is moderately wounded.
The jackal misses you.
You scratch the jackal.
The jackal is severely wounded.
The jackal barely misses you. The jackal bites you.
* * * LOW HITPOINT WARNING * * *
You claw the jackal!
You kill the jackal!
The jackal barely misses you.
You barely miss the jackal. Your bite misses the jackal. The jackal bites you.
* * * LOW HITPOINT WARNING * * *
You scratch the jackal.
The jackal is moderately wounded.
The jackal bites you.
You die...

##. ..# ##.. ....
... ..... #.# #.#.#
###.##.$..#
#...†...# #hh...# #
# #h#..## #.#.
#@#...#
#...#####.#.#...
..#..........###..#
#.........#### ..
#.......## #
#....##.## .....
#..## ..##
##..######## .
##........#


You could see 3 jackals.

Vanquished Creatures
  A ball python (D:1)
  2 bats
  An endoplasm (D:1)
  2 goblins (D:1)
  A hobgoblin (D:1)
  A jackal (D:2)
  2 quokkas
  A frilled lizard (D:1)
  2 rats (D:1)
13 creatures vanquished.

Notes
Turn   | Place    | Note
-------+----------+-------------------------------------------
     0 | D:1      | Descartes the Felid Wanderer began the quest for the Orb.
     0 | D:1      | Descartes set off with the following items: a potion of
                  | might, a scroll of fear, a potion of attraction
     0 | D:1      | Reached XP level 1. HP: 9/9 MP: 4/4
   341 | D:1      | Reached skill level 1 in Dodging
   366 | D:1      | Reached XP level 2. HP: 11/12 MP: 6/6
   374 | D:1      | Found a faded altar of an unknown god.
   959 | D:2      | Slain by a jackal

Illustrated notes

Levels and vault maps discovered:
D:1:      amcnicky_arrival_wind_blow, layout_loops_ring,
          hellmonk_ecumenical_altar_blasted, kennysheep_decorative_pillar,
          ebering_dispersal_statue_hall
D:2:      layout_rooms

Skill      XL: |  1 |
---------------+----+-----
Stealth        | 3 |  3.3
Dodging        | 1 |  1.3
Fighting       | |  1.0
Unarmed Combat | |  3.2
Spellcasting   | |  2.0
Translocations | |  0.1
Invocations    | |  1.0
Evocations     | |  1.1

Action                   || total
-------------------------++-------
Melee: Unarmed           ||    39
       Bite              ||     1
 Stab: Sleeping          ||     2
Armor: Skin              ||     4
Dodge: Dodged            ||    32
